 Dungeon Crawl Stone Soup version 0.26-a0-712-ga5a9c9c9d0 (webtiles) character file.

Game seed: 9732929315462447351

13286 Brodoth the Cleaver (level 11, -1/84 HPs)
             Began as a Demonspawn Fighter on Nov 1, 2020.
             Was an Elder of Qazlal.
             Slain by an orc knight
             ... wielding a +0 dire flail
              (20 damage)
             ... on level 1 of the Orcish Mines.
             The game lasted 01:00:08 (14205 turns).

Brodoth the Cleaver (Demonspawn Fighter)           Turns: 14205, Time: 01:00:08

Health: -1/84      AC: 17    Str: 17    XL:     11   Next: 73%
Magic:  11/11      EV: 16    Int: 11    God:    Qazlal [****..]
Gold:   1390       SH: 16    Dex: 16    Spells: 10/10 levels left

rFire    + . .     SeeInvis .   M - +3 war axe (vorpal)
rCold    . . .     Faith    .   c - +0 kite shield
rNeg     . . .     Spirit   .   L - +3 ring mail {rF+}
rPois    +         Reflect  .   (helmet restricted)
rElec    .         Harm     .   w - +2 cloak
rCorr    .         Rampage  .   T - +2 pair of gloves
MR       .....                  R - +0 pair of boots
Stlth    +.........             l - amulet of magic regeneration
HPRegen  0.24/turn              J - ring of poison resistance
MPRegen  0.37/turn              v - +4 ring of evasion

@: repel missiles
A: horns 1, blurry vision 1, clever 1, powered by pain 3, rot immunity
a: Upheaval, Elemental Force, Renounce Religion


You were on level 1 of the Orcish Mines.
You worshipped Qazlal.
Qazlal was greatly pleased with you.
You visited 4 branches of the dungeon, and saw 13 of its levels.

You collected 1390 gold pieces.

Inventory:

Hand Weapons
 M - a +3 vorpal war axe (weapon)
 P - a +4 quarterstaff of chaos
Armour
 c - a +0 kite shield (worn)
 w - a +2 cloak (worn)
 A - a +0 helmet
 L - a +3 ring mail of fire resistance (worn)
 R - a +0 pair of boots (worn)
 T - a +2 pair of gloves (worn)
Magical Staves
 U - an uncursed staff of earth {unknown}
Jewellery
 j - an uncursed ring of resist corrosion
 l - an amulet of magic regeneration (around neck)
 o - an uncursed ring of magical power
 t - an uncursed ring of stealth
 v - a +4 ring of evasion (right hand)
 F - an uncursed ring of fire
 H - the ring "Noib" {rC- Str+8 Dex-5 Stlth-}
   (You found it on level 5 of the Dungeon)

   [ring of attention]

   It affects your strength (+8).
   It affects your dexterity (-5).
   It makes you vulnerable to cold.
   It makes you less stealthy.
 J - a ring of poison resistance (left hand)
Wands
 b - a wand of acid (8)
 B - a wand of iceblast (5)
 I - a wand of paralysis (4)
 S - a wand of random effects (19)
 V - a wand of digging (6)
Scrolls
 a - 2 scrolls of identify
 i - 6 scrolls of teleportation
 n - 3 scrolls of remove curse
 s - 2 scrolls of enchant armour
 u - a scroll of magic mapping {unknown}
 y - 2 scrolls of immolation
 D - 3 scrolls of enchant weapon
 G - a scroll of fear {unknown}
 O - a scroll of random uselessness {unknown}
 Y - a scroll of fog {unknown}
Potions
 d - 2 potions of might
 f - 3 potions of cancellation
 k - 4 potions of curing
 m - a potion of mutation
 p - a potion of stabbing
 x - 4 potions of flight
 z - a potion of resistance
 C - a potion of berserk rage {unknown}
 W - a potion of haste {unknown}
 Z - a potion of lignification {unknown}


   Skills:
 + Level 7.2 Fighting
 + Level 9.4(10.3) Axes
   Level 6.7(9.1) Maces & Flails
 + Level 6.9 Armour
 + Level 4.9 Dodging
 + Level 2.4 Stealth
 + Level 8.8 Shields


You had 10 spell levels left.
You didn't know any spells.
Your spell library contained the following spells:

 Spells                   Type           Power        Failure   Level
 Sting                    Tmut/Pois      #...         80%         1
 Poisonous Vapours        Pois/Air       #.....       90%         2
 Ignite Poison            Fire/Tmut/Pois #.......     99%         3
 Mephitic Cloud           Conj/Pois/Air  #.......     99%         3
 Olgreb's Toxic Radiance  Pois           #.......     100%        4


Dungeon Overview and Level Annotations

Branches:
Dungeon (9/15)             Temple (1/1) D:5            Lair (1/6) D:8
    Orc (2/2) D:9
    Elf: Orc:2

Altars:
Ashenzari
Cheibriados
Dithmenos
Elyvilon
Fedhas
Gozag
Hepliaklqana
Kikubaaqudgha
Makhleb
Nemelex Xobeh
Okawaru
Qazlal
Ru
Sif Muna
Trog
Uskayaw
Vehumet
Wu Jian
Xom
Yredelemnul
Zin
The Shining One

Shops:
D:4 [   Orc:1 [   Orc:2 ***

Portals:
Abyss: Orc:1

Annotations:
Orc:1 2 transporters, OTABOTABOTAB's ghost, journeyman MiBe


Innate Abilities, Weirdness & Mutations

You have a pair of small horns on your head.
You are powered by pain.
You are immune to rotting.
Scrolls take you a little longer to read.
Your mind is acute. (Int +2)


Message History

You block the orc knight's attack.
You slash the orc knight!
The orc knight is moderately wounded.
You block the orc knight's attack.
You hit the orc knight but do no damage.
The orc knight is moderately wounded.
The orc knight hits you with a +0 dire flail!!
You hit the orc knight.
The orc knight is heavily wounded.
The orc knight barely misses you.
You hit the orc knight.
You headbutt the orc knight, but do no damage.
The orc knight is heavily wounded.
The orc knight hits you with a +0 dire flail!!
* * * LOW HITPOINT WARNING * * *
You hit the orc knight.
The orc knight is severely wounded.
You hear a roar!
You hear an angry squeal.
The orc knight hits you with a +0 dire flail!!
You die...

.###### ##.## ##.##...###...)
..##..# #...# #..##.....#.)))
.###..#####...#####....##........
#.....#.#.......##......###.....#
........#........#.......#)#..###
#...#........#............##.##
....##......##.[....###....#.##
..####.....####[§#####........#
..####......#)>o@§###........##
....#.......##[°.☼.[.........#
....#...#.....§.##...........##
#.......#........[...##.......#
......÷......###....####.....##
...#.........#4##..###.####..#
...##........#X##.©#G3∩.$.##.#
..#####.....##X##..##...#..#.#
...##.#.....#X.##...###.#W##.#


You could see a starcursed mass, an orc knight, a thrashing horror and a red
devil.

Vanquished Creatures
  Erolcha (Orc:2)
  Pikel (D:6)
  5 orc knights
  An orc sorcerer (Orc:2)
  Maurice (Orc:2)
  Maggie (D:6)
  3 cane toads
  A rime drake (Lair:1)
  A komodo dragon (D:8)
  2 trolls (Orc:1)
  Sigmund (D:6)
  3 yaks (D:9)
  Edmund (D:6)
  3 wargs
  2 water moccasins
  A necrophage (D:5)
  21 orc warriors
  2 ice beasts
  A sky beast (D:5)
  3 phantoms
  A black bear (D:8)
  11 ogres
  An eye of draining (D:5)
  A centaur (D:8)
  A lemure (D:6)
  2 bullfrogs (Lair:1)
  Blork the orc (D:6)
  A wyvern zombie (D:5)
  5 howler monkeys
  A bullfrog zombie (D:9)
  A quasit (D:5)
  2 centaur zombies
  9 orc priests
  6 hounds
  3 iguanas
  Crazy Yiuf (D:7)
  A centaur skeleton (D:6)
  4 jellies
  Jessica (D:2)
  4 worker ants
  9 orc wizards
  A killer bee zombie (D:6)
  2 hound zombies
  A hound skeleton (D:5)
  10 gnolls
  10 adders
  3 shadow imps
  2 white imps
  An ufetubus (D:5)
  2 oozes
  2 adder zombies
  An adder skeleton (D:9)
  2 worms
  3 dart slugs
  6 leopard geckos
  58 orcs
  5 bats
  4 giant cockroaches
  3 goblins
  4 hobgoblins
  9 jackals
  4 quokkas
  5 frilled lizards
  2 jackal skeletons
  11 kobolds
  2 quokka skeletons
  A quokka zombie (D:6)
  8 rats
283 creatures vanquished.

Vanquished Creatures (others)
  2 fungi (Lair:1)
  A plant (Lair:1)
3 creatures vanquished.

Grand Total: 286 creatures vanquished

Notes
Turn   | Place    | Note
-------+----------+-------------------------------------------
     0 | D:1      | Brodoth the Demonspawn Fighter began the quest for the Orb.
     0 | D:1      | Reached XP level 1. HP: 18/18 MP: 1/1
   260 | D:1      | Gained mutation: You sometimes gain a little power by
                  | taking damage. [demonic ancestry]
   260 | D:1      | Reached XP level 2. HP: 24/24 MP: 2/2
   304 | D:1      | Reached skill level 2 in Axes
   826 | D:2      | Found a glowing golden altar of the Shining One.
   846 | D:2      | Gained mutation: You are immune to rotting. [demonic
                  | ancestry]
   846 | D:2      | Reached XP level 3. HP: 21/29 MP: 3/3
   993 | D:2      | Noticed Jessica
  1014 | D:2      | Killed Jessica
  1132 | D:2      | Reached XP level 4. HP: 33/35 MP: 4/4
  1781 | D:3      | Reached skill level 3 in Axes
  1781 | D:3      | Gained mutation: You sometimes gain power by taking damage.
                  | [demonic ancestry]
  1781 | D:3      | Reached XP level 5. HP: 33/41 MP: 5/5
  1960 | D:3      | Found a shadowy altar of Dithmenos.
  1972 | D:3      | Found a radiant altar of Vehumet.
  2281 | D:3      | Reached skill level 1 in Maces & Flails
  2739 | D:4      | Noticed an ogre
  2767 | D:4      | Killed an ogre
  2767 | D:4      | Reached skill level 1 in Dodging
  2767 | D:4      | Reached XP level 6. HP: 30/48 MP: 6/6
  3389 | D:4      | Found Ipleokh's Armour Emporium.
  3788 | D:5      | Entered Level 5 of the Dungeon
  3810 | D:5      | Reached XP level 7. HP: 28/53 MP: 7/7
  4352 | D:5      | Got a clouded glass ring
  4362 | D:5      | Identified the ring "Noib" {rC- Str+8 Dex-5 Stlth-} (You
                  | found it on level 5 of the Dungeon)
  4391 | D:5      | Found a sparkling altar of Nemelex Xobeh.
  4498 | D:5      | Found a shimmering blue altar of Sif Muna.
  4498 | D:5      | Found a sacrificial altar of Ru.
  4648 | D:5      | Reached skill level 1 in Stealth
  4780 | D:5      | Reached skill level 5 in Shields
  4780 | D:5      | Reached XP level 8. HP: 60/60 MP: 0/8
  5159 | D:5      | Found a staircase to the Ecumenical Temple.
  5168 | Temple   | Entered the Ecumenical Temple
  5242 | Temple   | Became a worshipper of Qazlal Stormbringer
  5392 | D:6      | Reached skill level 5 in Armour
  5602 | D:6      | Reached skill level 5 in Maces & Flails
  5833 | D:6      | Noticed Blork the orc
  5854 | D:6      | Killed Blork the orc
  5855 | D:6      | Noticed Pikel
  5885 | D:6      | Killed Pikel
  5885 | D:6      | Reached XP level 9. HP: 66/66 MP: 9/9
  6013 | D:6      | Noticed Sigmund
  6037 | D:6      | Killed Sigmund
  6174 | D:6      | Noticed Edmund
  6188 | D:6      | Killed Edmund
  6332 | D:6      | Noticed Maggie
  6352 | D:6      | Killed Maggie
  6352 | D:6      | Reached * piety under Qazlal
  6352 | D:6      | Reached skill level 5 in Fighting
  6761 | D:7      | Found a runed translucent door.
  6764 | D:7      | Noticed Crazy Yiuf
  6925 | D:7      | Reached skill level 4 in Axes
  7094 | D:7      | Found a burning altar of Makhleb.
  7276 | D:7      | Killed Crazy Yiuf
  7524 | D:8      | Found a snail-covered altar of Cheibriados.
  7702 | D:8      | Found an opulent altar of Gozag.
  7712 | D:8      | Reached ** piety under Qazlal
  7790 | D:8      | Reached skill level 5 in Axes
  7923 | D:8      | Found a staircase to the Lair.
  8285 | Lair:1   | Entered Level 1 of the Lair of Beasts
  8285 | Lair:1   | Noticed a rime drake
  8296 | Lair:1   | Killed a rime drake
  8296 | Lair:1   | Gained mutation: You are powered by pain. [demonic
                  | ancestry]
  8296 | Lair:1   | Reached XP level 10. HP: 52/74 MP: 10/10
  8368 | Lair:1   | Noticed a cane toad
  8375 | Lair:1   | Killed a cane toad
  8382 | Lair:1   | Noticed a cane toad
  8393 | Lair:1   | Killed a cane toad
  8393 | Lair:1   | Reached skill level 6 in Axes
  8671 | Lair:1   | Noticed a cane toad
  8856 | D:8      | HP: 3/76 [cane toad (6)]
  9197 | D:8      | Gained mutation: Scrolls take you a little longer to read.
                  | [potion of mutation]
  9197 | D:8      | Gained mutation: Your mind is acute. (Int +2) [potion of
                  | mutation]
  9297 | D:8      | Killed a cane toad
  9714 | D:9      | Found a staircase to the Orcish Mines.
 10098 | Orc:1    | Entered Level 1 of the Orcish Mines
 10106 | Orc:1    | Reached skill level 7 in Axes
 10347 | Orc:1    | HP: 3/77 [orc priest/divine providence (13)]
 10349 | Orc:1    | Reached *** piety under Qazlal
 10796 | Orc:1    | Found a transporter.
 10797 | Orc:1    | Found Foetud's Antique Armour Emporium.
 10813 | Orc:1    | Noticed a starcursed mass
 10815 | Orc:1    | Noticed a glowing orange brain
 10853 | Orc:1    | Found a transporter.
 10940 | Orc:1    | Noticed a sun demon
 10942 | Orc:1    | Noticed a hell hog
 10943 | Orc:1    | Noticed a large abomination
 10944 | Orc:1    | Identified the ring "Luadud" {*Drain rN++ rCorr Dex+4
                  | Stlth+}
 10953 | Orc:1    | Identified the +11 morningstar of the End of Times
                  | {distort, rF+ MR+ Str+2}
 10953 | Orc:1    | Noticed an orc warlord
 10955 | Orc:1    | Noticed a thrashing horror
 10956 | Orc:1    | Noticed OTABOTABOTAB's ghost (journeyman MiBe)
 10957 | Orc:1    | Noticed a smoke demon
 10958 | Orc:1    | Found a one-way gate to the infinite horrors of the Abyss.
 11149 | Orc:1    | Gained mutation: You have a pair of small horns on your
                  | head. [demonic ancestry]
 11149 | Orc:1    | Reached XP level 11. HP: 61/83 MP: 11/11
 11337 | Orc:2    | Entered Level 2 of the Orcish Mines
 11353 | Orc:2    | Noticed an orc sorcerer
 11355 | Orc:2    | Paralysed by an orc sorcerer for 4 turns
 11366 | Orc:2    | Killed an orc sorcerer
 11366 | Orc:2    | Reached skill level 8 in Axes
 11387 | Orc:2    | Noticed an orc knight
 11397 | Orc:2    | Noticed an orc knight
 11612 | Orc:1    | Killed an orc knight
 12439 | Orc:2    | Killed an orc knight
 12869 | Orc:2    | Found Zesionk's General Store.
 12871 | Orc:2    | Found Fipeff's General Store.
 12900 | Orc:2    | Noticed Erolcha
 12901 | Orc:2    | Found Etoff's General Store.
 12916 | Orc:2    | Killed Erolcha
 13007 | Orc:2    | Noticed Maurice
 13025 | Orc:2    | Killed Maurice
 13415 | Orc:2    | Noticed an orc knight
 13446 | Orc:1    | Killed an orc knight
 13446 | Orc:1    | Reached skill level 9 in Axes
 13566 | Orc:2    | Noticed an orc knight
 13613 | Orc:1    | Killed an orc knight
 13715 | Orc:2    | Reached **** piety under Qazlal
 13925 | Orc:2    | Noticed an orc knight
 13973 | Orc:1    | Killed an orc knight
 14122 | Orc:2    | Noticed an orc knight
 14205 | Orc:1    | Slain by an orc knight

Illustrated notes

Levels and vault maps discovered:
D:1:      roderic_octagonal_star, layout_basic
D:2:      cheibrodos_helix_gallery, layout_rooms, lemuel_doored_altar,
          uniq_jessica
D:3:      layout_basic, lemuel_round_altar, vehumet_crystals
D:4:      layout_loops_ring, serial_shops, shop, minivault_24
D:5:      minmay_chambers_of_threes, layout_rooms,
          gammafunk_temple_overflow_statue, lemuel_temple_firewalk_a,
          nemelex_lonely_heart_becter
D:6:      layout_basic, sigmund_edmund_badplayer, uniq_blork_the_orc,
          uniq_edmund, uniq_pikel, uniq_maggie
D:7:      layout_gridville, overflow_temple_1_default, grunt_decor_one_mirror,
          st_stairs_6, uniq_crazy_yiuf_cottage
D:8:      layout_cave_pods, kennysheep_little_box, cheibriados_altar_1,
          lair_entry_dummy
D:9:      layout_basic, david_orc_3, minivault_4
Temple:   eino_temple_lava
Lair:1:   layout_gridlike, grunt_megastairs_2
Orc:1:    layout_diamond_mine, serial_shops,
          nicolae_shop_temple_entry_statues_fountains,
          gammafunk_ghost_abyssal_escape, minmay_orc_keep
Orc:2:    st_orc_town, layout_diamond_mine, serial_shops,
          nicolae_shop_statue_plus, shop, shop, uniq_maurice, uniq_erolcha

Skill      XL: |  1  2  3  4  5  6  7  8  9 10 11 |
---------------+----------------------------------+-----
Axes           | 2 3 5 7 9 |  9.4
Shields        | 3 4 5 6 7 8 |  8.8
Armour         | 3 4 5 6 |  6.9
Maces & Flails | 2 3 4 6 |  6.7
Dodging        | 1 2 3 4 |  4.9
Stealth        | 1 2 |  2.4
Fighting       | 4 5 6 7 |  7.2

Action                   |  1- 3 |  4- 6 |  7- 9 | 10-12 || total
-------------------------+-------+-------+-------+-------++-------
Melee: War axe           |    72 |    55 |   130 |   454 ||   711
       Whip              |       |   197 |   445 |       ||   642
       Headbutt          |       |       |       |    54 ||    54
Evoke: Wand              |       |     1 |       |       ||     1
  Use: Scroll            |       |     5 |     6 |     5 ||    16
       Potion            |       |     2 |       |     4 ||     6
Armor: Scale mail        |    41 |    75 |   131 |       ||   247
       Ring mail         |       |       |    26 |    66 ||    92
Dodge: Dodged            |    17 |   112 |   226 |   188 ||   543
Block: Kite shield       |    34 |   130 |   260 |   371 ||   795

Table legend: (Time is in decaauts)
 A = Elapsed time spent in this place.
 B = Non-inter-level travel time spent in this place.
 C = Inter-level travel time spent in this place.
 D = Time resting spent in this place.
 E = Time spent auto-exploring this place.
 F = Levels seen in this place.
 G = Mean time per level.
                   A        B        C        D        E       F      G
               +--------+--------+--------+--------+--------+-----+--------+
         Total |  14338 |  13462 |    876 |   3945 |   6570 |  13 | 1102.9 |
       Dungeon |   9967 |   9217 |    750 |   1332 |   5913 |   9 | 1107.4 |
        Temple |     83 |     13 |     70 |      0 |      0 |   1 |   83.0 |
          Lair |    134 |    134 |      0 |      0 |     63 |   1 |  134.0 |
  Orcish Mines |   4152 |   4096 |     56 |   2613 |    593 |   2 | 2076.0 |
               +--------+--------+--------+--------+--------+-----+--------+

Top non-repeatable levels by time:
   Orc:1: 3048 daAuts
     D:8: 2006 daAuts
     D:5: 1487 daAuts
     D:3: 1231 daAuts
     D:6: 1181 daAuts
   Orc:2: 1104 daAuts
     D:4: 1051 daAuts
     D:1: 810 daAuts
     D:7: 782 daAuts
     D:2: 755 daAuts
     D:9: 660 daAuts
  Lair:1: 134 daAuts
  Temple: 83 daAuts
